 Dungeon Crawl Stone Soup version 0.27.1-16-g815e20cd7a (webtiles) character file.

Game seed: 8845402442411328696

15 Descartes the Grasshopper (level 2, 0/12 HPs)
             Began as a Felid Wanderer on Nov 22, 2021.
             Slain by an endoplasm (2 damage)
             ... on level 1 of the Dungeon.
             The game lasted 00:02:08 (1149 turns).

Descartes the Grasshopper (Felid Wanderer)          Turns: 1149, Time: 00:02:09

Health: 0/12       AC:  1    Str:  8    XL:     2   Next: 34%
Magic:  3/3        EV: 16    Int: 13    God:
Gold:   28         SH:  0    Dex: 15    Spells: 0/1 levels left
                                        Lives:  0   Deaths: 0

rFire    . . .     SeeInvis +     - Unarmed
rCold    . . .     Faith    .   (shield unavailable)
rNeg     . . .     Spirit   .   (armour unavailable)
rPois    .         Reflect  .   (helmet unavailable)
rElec    .         Harm     .   (cloak unavailable)
rCorr    .         Rampage  .   (gloves unavailable)
Will     .....                  (boots unavailable)
Stlth    ++........             (no amulet)
HPRegen  0.04/turn              (no ring)
MPRegen  0.08/turn              (no ring)

@: quick
A: very small, claws 1, fangs 3, see invisible, speed 1, shaggy fur 1, stealthy
paws, no weapons or thrown items, no armour, multi-lived
a: no special abilities


You were on level 1 of the Dungeon.
You visited 1 branch of the dungeon, and saw 1 of its levels.

You collected 28 gold pieces.

Inventory:

Scrolls
 e - a scroll of enchant weapon {unknown}
 f - a scroll of summoning {unknown}
Potions
 a - a potion of berserk rage
 b - a potion of heal wounds
 c - a potion of lignification
 d - a potion of might {unknown}


   Skills:
 - Level 1.0 Fighting
 + Level 1.9 Dodging
 - Level 1.3 Stealth
 + Level 1.8 Unarmed Combat
 - Level 4.4 Translocations
 - Level 1.7 Earth Magic
 - Level 2.1 Evocations


You couldn't memorise any spells.
You knew the following spells:

 Your Spells              Type           Power      Damage    Failure   Level
a - Apportation           Tloc           22%        N/A       5%          1

Your spell library contained the following spells:

 Spells                   Type           Power      Damage    Failure   Level
 Lesser Beckoning         Tloc           5%         N/A       16%         3
 Passage of Golubria      Tloc           N/A        N/A       45%         4
 Silence                  Hex/Air        0%         N/A       100%        5
 Lehudib's Crystal Spear  Conj/Erth      1%         10d2      100%        8


Dungeon Overview and Level Annotations

Branches:
Dungeon (1/15)

Altars:


Innate Abilities, Weirdness & Mutations

You have sharp claws.
You have razor-sharp teeth.
You have supernaturally acute eyesight. (SInv)
You cover ground quickly. (Speed+)
You are covered in fur. (AC +1)
Your paws help you pounce on unaware monsters.
You are incapable of wielding weapons or throwing items.
You cannot wear armour.
You gain extra lives every three experience levels.


Message History

The slug dart misses you.
A goblin comes into view. It is wielding a +0 dagger.
An endoplasm comes into view.
The endoplasm quivers.
You completely miss the dart slug. The dart slug launches a dart at you.
The slug dart misses you.
You scratch the dart slug.
The dart slug is lightly wounded.
You scratch the dart slug.
The dart slug is moderately wounded.
The dart slug misses you.
You scratch the dart slug.
The dart slug is severely wounded.
The dart slug barely misses you.
You scratch the dart slug.
You kill the dart slug!
You scratch the goblin but do no damage.
The goblin hits you with a +0 dagger. The endoplasm barely misses you.
You scratch the goblin.
You kill the goblin!
The endoplasm freezes you.
You are frozen.
You scratch the endoplasm but do no damage.
The endoplasm hits you.
You are too injured to fight recklessly!
You are too injured to fight recklessly!
You are too injured to fight recklessly!
You are too injured to fight recklessly!
Unknown command.
You are too injured to fight recklessly!
You scratch the endoplasm.
The endoplasm is heavily wounded.
The endoplasm freezes you.
You are frozen.
* * * LOW HITPOINT WARNING * * *
You scratch the endoplasm.
The endoplasm is severely wounded.
The endoplasm hits you.
You die...

######### #.......#
##########.......#
.........'.......+ .
.....#.###.......#####..
.....#.# ######.........
.....#.# #.........
.....#.# ###.........
.....#.# #...@.......
.....#.# #...)J...###
.....#.# #........#
.....#'######........#
............#........#
............#........#
............#........#
######'######.........
#.#


You could see an endoplasm.

Vanquished Creatures
  A dart slug (D:1)
  2 giant cockroaches (D:1)
  A goblin (D:1)
  4 jackals (D:1)
  A kobold (D:1)
  A ball python (D:1)
  A rat (D:1)
11 creatures vanquished.

Notes
Turn   | Place    | Note
-------+----------+-------------------------------------------
     0 | D:1      | Descartes the Felid Wanderer began the quest for the Orb.
     0 | D:1      | Descartes set off with the following items: a potion of
                  | berserk rage, a potion of heal wounds, a potion of
                  | lignification; and the following spell memorised:
                  | Apportation; and the following spells available to
                  | memorise: Lesser Beckoning
     0 | D:1      | Reached XP level 1. HP: 9/9 MP: 2/2
   327 | D:1      | Found a faded altar of an unknown god.
   692 | D:1      | Reached skill level 1 in Dodging
   723 | D:1      | Reached XP level 2. HP: 3/12 MP: 3/3
  1149 | D:1      | Slain by an endoplasm

Illustrated notes

Levels and vault maps discovered:
D:1:      nagdon_arrival_double_spiral, layout_basic,
          hellmonk_ecumenical_altar_heavens_door

Skill      XL: |  1 |
---------------+----+-----
Dodging        | 1 |  1.9
Fighting       | |  1.0
Stealth        | |  1.3
Unarmed Combat | |  1.8
Translocations | |  4.4
Earth Magic    | |  1.7
Evocations     | |  2.1

Action                   || total
-------------------------++-------
Melee: Unarmed           ||    51
       Bite              ||     2
Armor: Skin              ||     1
Dodge: Dodged            ||    40
